 Dungeon Sprint DCSS version 0.20-a0-731-gecde0bf (webtiles) character file.

2262 esc the Fighter (level 9, -3/159 HPs)
             Began as an Ogre Transmuter on Feb 22, 2017.
             Was a Priest of Sif Muna.
             Slain by a centaur warrior (13 damage)
             ... in the Dungeon (Sprint I: "Red Sonja").
             The game lasted 00:08:03 (1258 turns).

esc the Fighter (Ogre Transmuter)                   Turns: 1258, Time: 00:08:04

Health: -3/159     AC:  2    Str: 24    XL:     9   Next: 38%
Magic:  22/23      EV: 26    Int: 14    God:    Sif Muna [***...]
Gold:   747        SH:  0    Dex: 14    Spells: 18/29 levels left

rFire    . . .     SeeInvis .     - Unarmed
rCold    . . .     Gourm    .   (armour currently unavailable)
rNeg     . . .     Faith    .   (shield currently unavailable)
rPois    x         Spirit   .   (helmet currently unavailable)
rElec    .         Reflect  .   (cloak currently unavailable)
rCorr    .         Harm     .   (gloves unavailable)
MR       .....     NoTele   +   (boots unavailable)
Stlth    ..........             (no amulet)
Regen    0.4/turn               (no ring)
MPRegen  0.2/turn               (no ring)

@: berserking, spider-form, very quick
A: unfitting armour, (tough skin 0)
a: End Transformation, Divine Energy, Channel Magic, Renounce Religion


You were in the Dungeon.
You worshipped Sif Muna.
Sif Muna was most pleased with you.
You were not hungry.
You were a venomous arachnid creature.
You visited 1 branch You collected 819 gold pieces.
You spent 72 gold pieces at shops.

Inventory:

Hand Weapons
 n - a +0 blowgun
   (You took it off Sonja in the Dungeon)
Missiles
 a - 5 arrows
 m - 9 curare-tipped needles
Armour
 b - a +0 robe (melded)
 l - a +0 cloak (melded)
   (You bought it in a shop in the Dungeon)
Scrolls
 j - a scroll of blinking {!r}
 k - 3 scrolls of identify {unknown}
 o - a scroll of fear {unknown}
Potions
 e - 5 potions of curing
 g - a potion of haste
 h - 2 potions of magic
Books
 c - a book of Changes
Comestibles
 d - a bread ration {@e1}


   Skills:
 + Level 12.0 Fighting
 + Level 8.8 Dodging
 + Level 9.1 Unarmed Combat
 + Level 10.5 Spellcasting
 + Level 8.9 Transmutations


You had 18 spell levels left.
You knew the following spells:

 Your Spells              Type           Power        Failure   Level  Hunger
a - Beastly Appendage     Tmut           ####..       2%          1    None
c - Spider Form           Tmut/Pois      ###.......   17%         3    #......
s - Sticks to Snakes      Tmut           ####....     3%          2    None
x - Blade Hands           Tmut           ####......   24%         5    #####..


Dungeon Overview and Level Annotations

Branches:
Dungeon (1/1)

Altars:
Cheibriados
Dithmenos
Elyvilon
Fedhas
Gozag
Hepliaklqana
Kikubaaqudgha
Makhleb
Nemelex Xobeh
Okawaru
Qazlal
Ru
Sif Muna
Trog
Uskayaw
Vehumet
Xom
Yredelemnul
Zin
The Shining One
Jiyva
Lugonu

Shops:
D [[


Innate Abilities, Weirdness & Mutations

You are too large for most types of armour.
((You have tough skin. (AC +1)))


Message History

You hit the active ballistomycete. You hit the active ballistomycete.
You destroy the active ballistomycete!
The fungal colony is destroyed.
No target in view!
You now have 585 gold pieces (gained 27).
You now have 612 gold pieces (gained 27).
e - 3 potions of curing (gained 1)
You now have 639 gold pieces (gained 27).
e - 4 potions of curing (gained 1)
You now have 666 gold pieces (gained 27).
You now have 693 gold pieces (gained 27).
You now have 720 gold pieces (gained 27).
You see here a dagger.
e - 5 potions of curing (gained 1)
k - 3 scrolls labeled OMESMUI KISIRCH (gained 1)
You now have 747 gold pieces (gained 27).
You start resting.
Health restored: 106
There is an open door here.
There is an open door, spattered with blood here.
Casting: Sticks to Snakes
Okay, then.
Unknown command.
Okay, then.
There is an open door here.
Casting: Sticks to Snakes You turn into a venomous arachnid creature.
Your +0 cloak melds into your body.
Your +0 robe melds into your body.
You now have 20/23 mp.
You open the door.
Which direction?
Unknown command. 2 centaur warriors come into view.
There is an open door here.
Unknown command.
You enter the shallow water.
Moving in this stuff is going to be slow.
The centaur warrior shouts!
The centaur warrior wields a shortbow.
The centaur warrior shoots an arrow.
The arrow misses you.
You hear a splash.
The centaur warrior wields a longbow.
The centaur warrior shoots an arrow.
The arrow hits you!
You hear a splash.
You see here an arrow.
You take 17 damage, and have 89/106 hp.
Unknown command.
The centaur warrior unwields an uncursed longbow.
The centaur warrior barely misses you.
The centaur warrior unwields an uncursed shortbow.
The centaur warrior closely misses you. The centaur warrior hits you!
You take 8 damage, and have 81/106 hp.
You bite the centaur warrior!
The centaur warrior is poisoned.
The centaur warrior hits you! The centaur warrior closely misses you.
You take 6 damage, and have 75/106 hp.
You hit the centaur warrior.
The centaur warrior is poisoned.
The centaur warrior misses you. x2; The centaur warrior hits you!
You take 7 damage, and have 68/106 hp.
You bite the centaur warrior!
The centaur warrior looks as sick as possible!
The centaur warrior misses you.
The centaur warrior completely misses you.
The centaur warrior hits you!
You take 10 damage, and have 58/106 hp.
You hit the centaur warrior but do no damage.
The centaur warrior looks as sick as possible!
The centaur warrior hits you. The centaur warrior hits you!
You take 21 damage, and have 37/106 hp.
You barely miss the centaur warrior. The centaur warrior barely misses you.
The centaur warrior hits you!
* * * LOW HITPOINT WARNING * * *
You take 14 damage, and have 23/106 hp.
You feel much better. The centaur warrior hits you! x2
* * * LOW HITPOINT WARNING * * *
The centaur warrior hits you!
* * * LOW HITPOINT WARNING * * *
You take 7 damage, and have 16/106 hp.
Okay, then.
Okay, then.
Really quaff
i - a potion of berserk rage {!q}?
A red film seems to cover your vision as you go berserk!
You feel yourself moving faster!
You feel mighty!
The centaur warrior hits you but does no damage.
The centaur warrior closely misses you.
The centaur warrior completely misses you.
You now have 24/159 hp.
You barely miss the centaur warrior. The centaur warrior misses you.
The centaur warrior hits you!
* * * LOW HITPOINT WARNING * * *
You take 13 damage, and have 11/159 hp.
You bite the centaur warrior!
The centaur warrior looks as sick as possible!
The centaur warrior hits you.
* * * LOW HITPOINT WARNING * * *
The centaur warrior misses you.
You take 2 damage, and have 9/159 hp.
You hit the centaur warrior.
The centaur warrior looks even sicker.
The centaur warrior hits you!
You die...

#######################
#..'..#..'..#__#..')..#
)..#..').#..'..'..#)..#
#####'#####'#__####...+
####..#...#.####§§#####
#__####..##)#≈§§§c#
#_____##'#..+§§§s§+
#_.∩...'..._#(§§c§#
#_..__##_.#'##'####
#_____###'#.#...)###
#########)####'###)##
+...'.....'.∩#
#...########## ###.###
#.#'#.#


You could see 2 centaur warriors.

Vanquished Creatures
  Sonja (D)
  A deep troll (D)
  2 kobold demonologists (D)
  A slime creature (D)
  Sigmund (D)
  A yak (D)
  A floating eye (D)
  A jelly (D)
  Ijyb (D)
  2 ballistomycetes (D)
12 creatures vanquished.

Vanquished Creatures (collateral kills)
  An ogre (D)
1 creature vanquished.

Vanquished Creatures (others)
  A gargoyle (D)
  2 ballistomycete spores (D)
3 creatures vanquished.

Grand Total: 16 creatures vanquished

Notes
Turn   | Place    | Note
-------+----------+-------------------------------------------
     0 | D        | esc the Ogre Transmuter began the quest for the Orb.
     0 | D        | Reached XP level 1. HP: 19/19 MP: 3/3
     1 | D        | Noticed Ijyb
    13 | D        | Killed Ijyb
    13 | D        | Reached skill level 3 in Fighting
    13 | D        | Reached skill level 2 in Dodging
    13 | D        | Reached skill level 3 in Unarmed Combat
    13 | D        | Reached skill level 3 in Spellcasting
    13 | D        | Reached skill level 2 in Transmutations
    13 | D        | Reached XP level 2. HP: 20/31 MP: 2/6
    13 | D        | Reached XP level 3. HP: 24/37 MP: 2/8
   119 | D        | Learned a level 2 spell: Sticks to Snakes
   119 | D        | Noticed an ogre
   134 | D        | Killed an ogre
   134 | D        | Reached skill level 5 in Fighting
   134 | D        | Reached skill level 3 in Dodging
   134 | D        | Reached skill level 4 in Unarmed Combat
   134 | D        | Reached skill level 4 in Spellcasting
   134 | D        | Reached skill level 3 in Transmutations
   134 | D        | Reached XP level 4. HP: 22/50 MP: 1/10
   320 | D        | Noticed Sigmund
   331 | D        | Killed Sigmund
   331 | D        | Reached skill level 6 in Fighting
   331 | D        | Reached skill level 5 in Dodging
   331 | D        | Reached skill level 5 in Unarmed Combat
   331 | D        | Reached skill level 6 in Spellcasting
   331 | D        | Reached skill level 5 in Transmutations
   331 | D        | Reached XP level 5. HP: 18/61 MP: 7/13
   558 | D        | Learned a level 3 spell: Spider Form
   559 | D        | Found a deep blue altar of Sif Muna.
   561 | D        | Found a radiant altar of Vehumet.
   567 | D        | Reached skill level 7 in Fighting
   567 | D        | Reached XP level 6. HP: 67/71 MP: 12/15
   570 | D        | Became a worshipper of Sif Muna the Loreminder
   617 | D        | Found Biylykau's Antique Armour Emporium.
   617 | D        | Found an ancient bone altar of Kikubaaqudgha.
   617 | D        | Found a hazy altar of Hepliaklqana.
   617 | D        | Found a stormy altar of Qazlal.
   617 | D        | Found a hide-covered altar of Uskayaw.
   617 | D        | Found a blossoming altar of Fedhas.
   617 | D        | Found a bloodstained altar of Trog.
   617 | D        | Found an iron altar of Okawaru.
   617 | D        | Found a basalt altar of Yredelemnul.
   617 | D        | Found a glowing golden altar of the Shining One.
   617 | D        | Found a snail-covered altar of Cheibriados.
   617 | D        | Found a sacrificial altar of Ru.
   617 | D        | Found a glowing silver altar of Zin.
   617 | D        | Found a shadowy altar of Dithmenos.
   617 | D        | Found a white marble altar of Elyvilon.
   617 | D        | Noticed a yak
   621 | D        | Killed a yak
   621 | D        | Reached skill level 8 in Fighting
   621 | D        | Reached skill level 6 in Unarmed Combat
   621 | D        | Reached skill level 7 in Spellcasting
   621 | D        | Reached skill level 6 in Transmutations
   622 | D        | Found an opulent altar of Gozag.
   623 | D        | Found a sparkling altar of Nemelex Xobeh.
   627 | D        | Bought a cloak for 72 gold pieces
   658 | D        | Found a burning altar of Makhleb.
   658 | D        | Found a viscous altar of Jiyva.
   658 | D        | Found a shimmering altar of Xom.
   658 | D        | Found a corrupted altar of Lugonu.
   658 | D        | Noticed a slime creature
   677 | D        | Killed a slime creature
   677 | D        | Reached * piety under Sif Muna
   677 | D        | Reached skill level 9 in Fighting
   677 | D        | Reached skill level 6 in Dodging
   677 | D        | Reached XP level 7. HP: 48/83 MP: 16/18
   846 | D        | Noticed a kobold demonologist
   847 | D        | Noticed a kobold demonologist
   848 | D        | Reached skill level 7 in Unarmed Combat
   848 | D        | Reached skill level 8 in Spellcasting
   857 | D        | Killed a kobold demonologist
   857 | D        | Reached ** piety under Sif Muna
   857 | D        | Reached skill level 10 in Fighting
   857 | D        | Reached skill level 7 in Dodging
   857 | D        | Reached skill level 7 in Transmutations
   857 | D        | Reached XP level 8. HP: 93/93 MP: 16/20
   858 | D        | Killed a kobold demonologist
   858 | D        | Reached skill level 8 in Unarmed Combat
   858 | D        | Reached skill level 9 in Spellcasting
   873 | D        | Learned a level 5 spell: Blade Hands
   896 | D        | Noticed Sonja
   905 | D        | Killed Sonja
   905 | D        | Reached skill level 11 in Fighting
   905 | D        | Reached skill level 8 in Dodging
   905 | D        | Reached skill level 10 in Spellcasting
   905 | D        | Reached skill level 8 in Transmutations
   905 | D        | Reached XP level 9. HP: 84/105 MP: 17/23
   949 | D        | Killed a gargoyle
   987 | D        | Noticed a deep troll
   992 | D        | Killed a deep troll
   992 | D        | Reached *** piety under Sif Muna
   992 | D        | Reached skill level 12 in Fighting
   992 | D        | Reached skill level 9 in Unarmed Combat
  1003 | D        | Found Hejitem's Armour Emporium.
  1247 | D        | Noticed a centaur warrior
  1247 | D        | Noticed a centaur warrior
  1253 | D        | HP: 23/106 [centaur warrior (14)]
  1256 | D        | HP: 11/159 [centaur warrior (13)]
  1258 | D        | Slain by a centaur warrior

Vault maps used:
D:        dungeon_sprint_1

Skill      XL: |  1  2  3  4  5  6  7  8  9 |
---------------+----------------------------+-----
Fighting       | 3 5 6 7 9 10 11 12 | 12.0
Dodging        | 2 3 5 6 7 8 |  8.8
Unarmed Combat | 3 4 5 6 7 8 9 |  9.1
Spellcasting   | 3 4 6 7 8 10 | 10.5
Transmutations | 2 3 5 6 7 8 |  8.9

Action                   |  1- 3 |  4- 6 |  7- 9 || total
-------------------------+-------+-------+-------++-------
Melee: Unarmed           |    17 |    23 |    37 ||    77
       Kick              |     1 |       |       ||     1
       Headbutt          |       |     3 |       ||     3
 Cast: Beastly Appendage |     1 |     1 |       ||     2
       Sticks to Snakes  |     4 |     2 |     1 ||     7
       Spider Form       |       |     3 |     2 ||     5
       Blade Hands       |       |       |     2 ||     2
  Use: Potion            |       |       |     2 ||     2
 Stab: Sleeping          |       |     1 |       ||     1
  Eat: Bread ration      |       |       |     1 ||     1
Armor: Robe              |     2 |       |     3 ||     5
       Skin              |       |       |     3 ||     3
Dodge: Dodged            |     6 |    11 |    35 ||    52

Vault maps used:
D:        dungeon_sprint_1

Table legend:
 A = Turns spent in this place as a percentage of turns spent in the entire game.
 B = Non-inter-level travel turns spent in this place as a percentage of non-inter-level travel turns spent in the entire game.
 C = Inter-level travel turns spent in this place as a percentage of turns spent in this place.
 D = Turns resting spent in this place as a percentage of non-inter-level travel turns spent in this place.
 E = Turns spent auto-exploring this place as a percentage of non-inter-level travel turns spent in this place.
 F = Non-inter-level travel turns spent in this place divided by the number of levels of this place that you've seen.
                   A       B       C       D       E      F
               +-------+-------+-------+-------+-------+----------------------
         Total | 100.0 | 100.0 |   0.0 |   6.5 |   0.0 | 403.0
       Dungeon | 100.0 | 100.0 |   0.0 |   6.5 |   0.0 | 403.0
               +-------+-------+-------+-------+-------+----------------------

Table legend:
 A = Kills in this place as a percentage of kills in entire the game.
 B = Kills by you in this place as a percentage of kills by you in the entire game.
 C = Kills by friends in this place as a percentage of kills by friends in the entire game.
 D = Other kills in this place as a percentage of other kills in the entire game.
 E = Experience gained in this place as a percentage of experience gained in the entire game.
 F = Experience gained in this place divided by the number of levels of this place that you have seen.
                   A       B       C       D       E      F
               +-------+-------+-------+-------+-------+----------------------
         Total | 100.0 | 100.0 | 100.0 |  -nan | 100.0 | 3232.0
       Dungeon | 100.0 | 100.0 | 100.0 |  -nan | 100.0 | 3232.0
               +-------+-------+-------+-------+-------+----------------------
